PA
MT. VERNON BULLS @ HOGSMEADE CAULDRONS
08/24/2029
 
TOP OF THE 1ST
Mt. Vernon Bulls batting - Pitching for Hogsmeade Cauldrons : RHP Carlos Salcido
Pitching: RHP Carlos Salcido
Batting: SHB Toby Sutton 0-0: Bunt for hit - play at first, batter OUT! 5-3
Batting: RHB Robby Arnold 0-0: Swinging Strike
0-1: Swinging Strike
0-2: Ball
1-2: Foul Ball, location: 2F
1-2: Ball
2-2: Foul Ball, location: 2F
2-2: Ball
3-2: Strikes out swinging
Batting: RHB Chet Mathis 0-0: Called Strike
0-1: Foul Ball, location: 2F
0-2: Ball
1-2: Strikes out looking
Top of the 1st over - 0 runs, 0 hits, 0 errors, 0 left on base; Mt. Vernon 0 - Hogsmeade 0
BOTTOM OF THE 1ST
Hogsmeade Cauldrons batting - Pitching for Mt. Vernon Bulls : LHP Steve Costlow
Pitching: LHP Steve Costlow
Batting: RHB César Ramos 0-0: Ball
1-0: Called Strike
1-1: Ground out 4-3 (Groundball, 34)
Batting: RHB Panas Pletnev 0-0: Called Strike
0-1: Ball
1-1: Foul Ball, location: 2F
1-2: Ball
2-2: Ground out 6-3 (Groundball, 6)
Batting: RHB Damon Newbold 0-0: Called Strike
0-1: Called Strike
0-2: Foul Ball, location: 2F
0-2: Ball
1-2: Foul Ball, location: 2F
1-2: Strikes out swinging
Bottom of the 1st over - 0 runs, 0 hits, 0 errors, 0 left on base; Mt. Vernon 0 - Hogsmeade 0
TOP OF THE 2ND
Mt. Vernon Bulls batting - Pitching for Hogsmeade Cauldrons : RHP Carlos Salcido
Batting: LHB Pablo Morales 0-0: Ball
1-0: Ball
2-0: Called Strike
2-1: Swinging Strike
2-2: SINGLE (Flyball, 9LS)
Batting: RHB Dixon Snyder 0-0: Called Strike
0-1: Foul Ball, location: 2F
0-2: Ball
1-2: Foul Ball, location: 2F
1-2: Foul Ball, location: 2F
1-2: Foul Ball, location: 2F
1-2: Fly out, F3 (Popup, 23F)
Batting: RHB Renato Lavado 0-0: Ball
1-0: Called Strike
1-1: Ball
2-1: Foul Ball, location: 2F
2-2: Foul Ball, location: 2F
2-2: Ball
3-2: Foul Ball, location: 2F
3-2: Base on Balls
Pablo Morales to second
Batting: RHB Ryan Robbins 0-0: Foul Ball, location: 2F
0-1: Foul Ball, location: 2F
0-2: Ball
1-2: Ball
2-2: Grounds into double play, 4-6-3 (Groundball, 4M)
Top of the 2nd over - 0 runs, 1 hit, 0 errors, 1 left on base; Mt. Vernon 0 - Hogsmeade 0
BOTTOM OF THE 2ND
Hogsmeade Cauldrons batting - Pitching for Mt. Vernon Bulls : LHP Steve Costlow
Batting: RHB Luis Manuel Flores 0-0: Ball
1-0: Foul Ball, location: 2F
1-1: Ball
2-1: Foul Ball, location: 2F
2-2: Strikes out swinging
Batting: RHB Bob Petiet 0-0: Ball
1-0: Ball
2-0: Ground out 5-3 (Groundball, 56S)
Batting: RHB Mariano Saelices 0-0: Ball
1-0: Called Strike
1-1: Ball
2-1: SINGLE (Line Drive, 4MD)
Batting: RHB Akke Derksen 0-0: Ball
1-0: Ball
2-0: Swinging Strike
2-1: Called Strike
2-2: Ball
3-2: Foul Ball, location: 2F
3-2: Foul Ball, location: 2F
3-2: Base on Balls
Mariano Saelices to second
Batting: RHB Lu Tsai 0-0: Called Strike
0-1: SINGLE (Groundball, 34) (infield hit)
Mariano Saelices to third
Akke Derksen to second
Batting: RHB Octávio Pineda 0-0: Ball
1-0: Fly out, F3 (Line Drive, 34)
Bottom of the 2nd over - 0 runs, 2 hits, 0 errors, 3 left on base; Mt. Vernon 0 - Hogsmeade 0
TOP OF THE 3RD
Mt. Vernon Bulls batting - Pitching for Hogsmeade Cauldrons : RHP Carlos Salcido
Batting: RHB Jesse Francis 0-0: Ball
1-0: Foul Ball, location: 2F
1-1: Called Strike
1-2: Foul Ball, location: 2F
1-2: Ball
2-2: Ball
3-2: SOLO HOME RUN (Flyball, 7LD), Distance : 377 ft
Batting: RHB Orlando Hernández 0-0: Ball
1-0: Ball
2-0: Called Strike
2-1: Ball
3-1: Foul Ball, location: 2F
3-2: Strikes out swinging
Batting: SHB Toby Sutton 0-0: Called Strike
0-1: Foul Ball, location: 2F
0-2: Foul Ball, location: 2F
0-2: SINGLE (Groundball, 4D)
Batting: RHB Robby Arnold 0-0: Ball
Toby Sutton is caught stealing 2nd base
1-0: Ball
2-0: Called Strike
2-1: Fly out, F7 (Line Drive, 7S)
Top of the 3rd over - 1 run, 2 hits, 0 errors, 0 left on base; Mt. Vernon 1 - Hogsmeade 0
BOTTOM OF THE 3RD
Hogsmeade Cauldrons batting - Pitching for Mt. Vernon Bulls : LHP Steve Costlow
Batting: RHB César Ramos 0-0: Ball
1-0: Foul Ball, location: 2F
1-1: Foul Ball, location: 2F
1-2: SINGLE (Flyball, 7LS)
Batting: RHB Panas Pletnev 0-0: DOUBLE (Groundball, 5L)
César Ramos to third
Runner from 3rd tries for Home, SAFE, no throw
Batting: RHB Damon Newbold 0-0: Ball
1-0: Ball
2-0: Called Strike
2-1: Foul Ball, location: 2F
2-2: Foul Ball, location: 2F
2-2: Fly out, F9 (Line Drive, 9D)
Runner from 2nd tags up, SAFE at 3rd, no throw
Batting: RHB Luis Manuel Flores 0-0: Ball
1-0: Foul Ball, location: 2F
1-1: Ball
2-1: Ball
3-1: Base on Balls
Batting: RHB Bob Petiet 0-0: Ball
1-0: Called Strike
1-1: Foul Ball, location: 2F
1-2: Strikes out swinging
Batting: RHB Mariano Saelices 0-0: SINGLE (Line Drive, 9S)
Panas Pletnev scores
Luis Manuel Flores to second
Runner from 2nd tries for 3rd, SAFE, no throw
Batting: RHB Akke Derksen 0-0: Ball
1-0: Swinging Strike
1-1: Swinging Strike
1-2: Strikes out swinging
Bottom of the 3rd over - 2 runs, 3 hits, 0 errors, 2 left on base; Mt. Vernon 1 - Hogsmeade 2
TOP OF THE 4TH
Mt. Vernon Bulls batting - Pitching for Hogsmeade Cauldrons : RHP Carlos Salcido
Batting: RHB Chet Mathis 0-0: Ball
1-0: Called Strike
1-1: Foul Ball, location: 2F
1-2: Ball
2-2: Ball
3-2: Strikes out looking
Batting: LHB Pablo Morales 0-0: Ball
1-0: Swinging Strike
1-1: Foul Ball, location: 2F
1-2: Ball
2-2: Strikes out looking
Batting: RHB Dixon Snyder 0-0: Ball
1-0: Foul Ball, location: 2F
1-1: Foul Ball, location: 2F
1-2: Ball
2-2: Ball
3-2: DOUBLE (Line Drive, 7LM)
Batting: RHB Renato Lavado 0-0: Swinging Strike
0-1: Ball
1-1: Ball
2-1: Foul Ball, location: 2F
2-2: Strikes out swinging
Top of the 4th over - 0 runs, 1 hit, 0 errors, 1 left on base; Mt. Vernon 1 - Hogsmeade 2
BOTTOM OF THE 4TH
Hogsmeade Cauldrons batting - Pitching for Mt. Vernon Bulls : LHP Steve Costlow
Batting: RHB Lu Tsai 0-0: Ball
1-0: Called Strike
1-1: Ground out 6-3 (Groundball, 6)
Batting: RHB Octávio Pineda 0-0: Called Strike
0-1: Ground out 5-3 (Groundball, 56)
Batting: RHB César Ramos 0-0: Called Strike
0-1: Ground out 6-3 (Groundball, 6)
Bottom of the 4th over - 0 runs, 0 hits, 0 errors, 0 left on base; Mt. Vernon 1 - Hogsmeade 2
TOP OF THE 5TH
Mt. Vernon Bulls batting - Pitching for Hogsmeade Cauldrons : RHP Carlos Salcido
Batting: RHB Ryan Robbins 0-0: Ground out U3 (Groundball, 34)
Batting: RHB Jesse Francis 0-0: Called Strike
0-1: Foul Ball, location: 2F
0-2: Ball
1-2: Foul Ball, location: 2F
1-2: Foul Ball, location: 2F
1-2: Ball
2-2: Strikes out swinging
Batting: RHB Orlando Hernández 0-0: Ball
1-0: Swinging Strike
1-1: Ball
2-1: Called Strike
2-2: Strikes out swinging
Top of the 5th over - 0 runs, 0 hits, 0 errors, 0 left on base; Mt. Vernon 1 - Hogsmeade 2
BOTTOM OF THE 5TH
Hogsmeade Cauldrons batting - Pitching for Mt. Vernon Bulls : LHP Steve Costlow
Batting: RHB Panas Pletnev 0-0: Called Strike
0-1: Foul Ball, location: 2F
0-2: Ball
1-2: Reached on error, E5 (Groundball, 56)
Batting: RHB Damon Newbold 0-0: Fly out, F8 (Flyball, 8LD)
Batting: RHB Luis Manuel Flores 0-0: Swinging Strike
0-1: SINGLE (Line Drive, 89S)
Panas Pletnev to second
Batting: RHB Bob Petiet 0-0: Ball
1-0: Ball
2-0: Foul Ball, location: 2F
2-1: Foul Ball, location: 2F
2-2: Foul Ball, location: 2F
2-2: SINGLE (Groundball, 6MD)
Panas Pletnev to third
Luis Manuel Flores to second
Batting: RHB Mariano Saelices 0-0: Ball
Wild Pitch!
Panas Pletnev scores
Luis Manuel Flores to third
Bob Petiet to second
1-0: Ball
2-0: Swinging Strike
2-1: Foul Ball, location: 2F
2-2: Ground out 4-3 (Groundball, 34)
Batting: RHB Akke Derksen 0-0: Ball
1-0: Ball
2-0: Fly out, F8 (Flyball, 8RS)
Bottom of the 5th over - 1 run, 2 hits, 1 error, 2 left on base; Mt. Vernon 1 - Hogsmeade 3
TOP OF THE 6TH
Mt. Vernon Bulls batting - Pitching for Hogsmeade Cauldrons : RHP Carlos Salcido
Batting: SHB Toby Sutton 0-0: Ball
1-0: Foul Ball, location: 2F
1-1: Ball
2-1: Called Strike
2-2: SINGLE (Flyball, 78S)
Batting: RHB Robby Arnold 0-0: Ball
1-0: Sac Bunt - play at first, batter OUT! 1-4
Toby Sutton to second
Batting: RHB Chet Mathis 0-0: Ball
Toby Sutton steals 3rd base
1-0: Fly out, F8 (Line Drive, 8RM)
Runner from 3rd tags up, SCORES, throw made
Batting: LHB Pablo Morales 0-0: Called Strike
0-1: Ball
1-1: Ball
2-1: Ball
3-1: Ground out 6-3 (Groundball, 56)
Top of the 6th over - 1 run, 1 hit, 0 errors, 0 left on base; Mt. Vernon 2 - Hogsmeade 3
BOTTOM OF THE 6TH
Hogsmeade Cauldrons batting - Pitching for Mt. Vernon Bulls : LHP Steve Costlow
Batting: RHB Lu Tsai 0-0: SINGLE (Line Drive, 7LS)
Batting: RHB Octávio Pineda 0-0: Ball
1-0: Bunted foul
1-1: Bunt missed!
1-2: TRIPLE (Flyball, 78D)
Lu Tsai scores
Batting: RHB César Ramos 0-0: Ball
1-0: Foul Ball, location: 2F
1-1: Swinging Strike
1-2: Foul Ball, location: 2F
1-2: Foul Ball, location: 2F
1-2: Foul Ball, location: 2F
1-2: Ball
2-2: Foul Ball, location: 2F
2-2: Ball
3-2: SINGLE (Flyball, 7LM)
Octávio Pineda scores
Batting: RHB Panas Pletnev 0-0: Bunted foul
0-1: Bunt missed!
0-2: Foul Ball, location: 2F
0-2: Foul Ball, location: 2F
0-2: SINGLE (Line Drive, 56)
César Ramos to second
Batting: RHB Damon Newbold 0-0: Ball
1-0: Ball
2-0: DOUBLE (Line Drive, 78D)
César Ramos scores
Panas Pletnev to third
Runner from 3rd tries for Home, SAFE, no throw
Pitching: RHP Carlos Calderón
Batting: RHB Luis Manuel Flores 0-0: Ball
1-0: DOUBLE (Line Drive, 78D)
Damon Newbold scores
Batting: RHB Bob Petiet 0-0: Called Strike
0-1: Swinging Strike
0-2: Strikes out swinging
Batting: RHB Mariano Saelices 0-0: Swinging Strike
0-1: Foul Ball, location: 2F
0-2: Ball
1-2: Ball
2-2: Ball
3-2: Fly out, F9 (Flyball, 9)
Batting: RHB Akke Derksen 0-0: Called Strike
0-1: Ball
1-1: Hit by Pitch
Batting: RHB Lu Tsai 0-0: Called Strike
0-1: Fly out, F5 (Popup, 15)
Bottom of the 6th over - 5 runs, 6 hits, 0 errors, 2 left on base; Mt. Vernon 2 - Hogsmeade 8
TOP OF THE 7TH
Mt. Vernon Bulls batting - Pitching for Hogsmeade Cauldrons : RHP Carlos Salcido
Batting: RHB Dixon Snyder 0-0: Called Strike
0-1: Foul Ball, location: 2F
0-2: Ball
1-2: Strikes out swinging
Batting: RHB Renato Lavado 0-0: Called Strike
0-1: Fly out, F9 (Flyball, 9S)
Batting: RHB Ryan Robbins 0-0: Ball
1-0: Called Strike
1-1: Called Strike
1-2: Ball
2-2: Ball
3-2: Base on Balls
Pitching: RHP Andrés Canó
Batting: RHB Jesse Francis 0-0: Ball
1-0: Fly out, F7 (Flyball, 78S)
Top of the 7th over - 0 runs, 0 hits, 0 errors, 1 left on base; Mt. Vernon 2 - Hogsmeade 8
BOTTOM OF THE 7TH
Hogsmeade Cauldrons batting - Pitching for Mt. Vernon Bulls : RHP Carlos Calderón
Batting: RHB Octávio Pineda 0-0: Called Strike
0-1: Ball
1-1: Swinging Strike
1-2: Ball
2-2: Foul Ball, location: 2F
2-2: Ground out 2-3 (Groundball, 2R)
Batting: RHB César Ramos 0-0: Foul Ball, location: 2F
0-1: Foul Ball, location: 2F
0-2: Ball
1-2: Ball
2-2: Foul Ball, location: 2F
2-2: Ball
3-2: DOUBLE (Line Drive, 8RXD)
Batting: RHB Panas Pletnev 0-0: Ground out 6-3 (Groundball, 6)
César Ramos to third
Batting: RHB Damon Newbold 0-0: Called Strike
0-1: Called Strike
0-2: Ball
1-2: Ball
2-2: Fly out, F7 (Flyball, 7)
Bottom of the 7th over - 0 runs, 1 hit, 0 errors, 1 left on base; Mt. Vernon 2 - Hogsmeade 8
TOP OF THE 8TH
Mt. Vernon Bulls batting - Pitching for Hogsmeade Cauldrons : RHP Andrés Canó
Batting: RHB Orlando Hernández 0-0: Ball
1-0: Foul Ball, location: 2F
1-1: Ball
2-1: Swinging Strike
2-2: Strikes out looking
Batting: SHB Toby Sutton 0-0: Ball
1-0: Called Strike
1-1: Swinging Strike
1-2: Ball
2-2: Ball
3-2: Foul Ball, location: 2F
3-2: Base on Balls
Batting: RHB Robby Arnold 0-0: Ball
1-0: Ball
2-0: Ball
3-0: Called Strike
3-1: Called Strike
3-2: Base on Balls
Toby Sutton to second
Batting: RHB Chet Mathis 0-0: Called Strike
0-1: Ball
1-1: Fly out, F8 (Flyball, 8LM)
Batting: LHB Pablo Morales 0-0: Ball
1-0: DOUBLE (Flyball, 89D)
Toby Sutton scores
Robby Arnold to third
Batting: RHB Dixon Snyder 0-0: Ball
1-0: Ball
2-0: Foul Ball, location: 2F
2-1: Foul Ball, location: 2F
2-2: Foul Ball, location: 2F
2-2: Ball
3-2: Ground out 4-3 (Groundball, 4M)
Top of the 8th over - 1 run, 1 hit, 0 errors, 2 left on base; Mt. Vernon 3 - Hogsmeade 8
BOTTOM OF THE 8TH
Hogsmeade Cauldrons batting - Pitching for Mt. Vernon Bulls : RHP Carlos Calderón
Batting: RHB Luis Manuel Flores 0-0: Called Strike
0-1: Fly out, F8 (Flyball, 8LD)
Batting: RHB Bob Petiet 0-0: Called Strike
0-1: Swinging Strike
0-2: Strikes out swinging
Batting: RHB Mariano Saelices 0-0: Called Strike
0-1: Ball
1-1: SINGLE (Groundball, 6D)
Batting: RHB Akke Derksen 0-0: Ball
1-0: Foul Ball, location: 2F
1-1: Ball
2-1: Fly out, F1 (Line Drive, 15)
Bottom of the 8th over - 0 runs, 1 hit, 0 errors, 1 left on base; Mt. Vernon 3 - Hogsmeade 8
TOP OF THE 9TH
Mt. Vernon Bulls batting - Pitching for Hogsmeade Cauldrons : RHP Andrés Canó
Now at C: José Vargas
Now in LF: Cody Skillings
Batting: RHB Renato Lavado 0-0: Foul Ball, location: 2F
0-1: Foul Ball, location: 2F
0-2: Ground out 4-3 (Groundball, 4)
Batting: RHB Ryan Robbins 0-0: Foul Ball, location: 2F
0-1: Ball
1-1: SINGLE (Groundball, 6MD)
Batting: RHB Jesse Francis 0-0: Ball
1-0: Fly out, F7 (Flyball, 7S)
Batting: RHB Orlando Hernández 0-0: SINGLE (Groundball, 6MS) (infield hit)
Ryan Robbins to second
Batting: SHB Toby Sutton 0-0: Called Strike
0-1: Ball
1-1: Swinging Strike
1-2: Fly out, F9 (Line Drive, 9D)
Top of the 9th over - 0 runs, 2 hits, 0 errors, 2 left on base; Mt. Vernon 3 - Hogsmeade 8
Tuesday, December 19th, 2017 - OOTP Baseball 18.8 Build 76